 Dungeon Crawl Stone Soup version 0.30-a0-782-ge64f9170bb (webtiles) character file.

Game seed: 13243953889974694847

36 tilp the Shield-Bearer (level 3, -6/33 HPs)
             Began as a Meteoran Fighter on Mar 11, 2023.
             Mangled by an iguana (12 damage)
             ... on level 4 of the Dungeon.
             The game lasted 00:02:47 (534 turns).

tilp the Shield-Bearer (Meteoran Fighter)            Turns: 534, Time: 00:02:48

Health: -6/33      AC:  6    Str: 17    XL:     3   Next: 82%
Magic:  4/4        EV:  9    Int:  9    God:
Gold:   72         SH:  5    Dex: 16    Spells: 2/2 levels left

rFire   . . .      SeeInvis .    a - +0 long sword
rCold   . . .      Faith    .    c - +0 buckler
rNeg    . . .      Spirit   .    j - +0 scale mail
rPois   .          Reflect  .    (no helmet)
rElec   .          Harm     .    n - scarf {repulsion}
rCorr   .          Rampage  .    (no gloves)
Will    .....                    (no boots) Stlth
                                 (no amulet)
HPRegen 0.25/turn                (no ring)
MPRegen 0.09/turn                (no ring)

@: weak-willed, glowing, repel missiles
A: sense surroundings 1, otherworldly, glowing, explore regen
a: no special abilities


You were on level 4 of the Dungeon.
You visited 1 branch of the dungeon, and saw 4 of its levels.

You collected 72 gold pieces.

Inventory:

Hand Weapons
 a - a +0 long sword (weapon)
 b - a +2 short sword of holy wrath
 r - a +4 short sword
Missiles
 h - 4 stones (quivered)
 o - 10 poisoned darts
Armour
 c - a +0 buckler (worn)
 j - a +0 scale mail (worn)
 n - a scarf of repulsion (worn)
Jewellery
 p - a ring of flight
Scrolls
 g - a scroll of vulnerability
Potions
 d - a potion of might
 f - a potion of haste
 k - a potion of curing
 l - a potion of mutation {unknown}
 q - a potion of lignification {unknown}


   Skills:
 + Level 3.6 Fighting
 * Level 3.6 Long Blades
 - Level 3.6 Armour
 + Level 1.4 Dodging
 - Level 3.6 Shields


You had 2 spell levels left.
You didn't know any spells.
Your spell library was empty.

Dungeon Overview and Level Annotations

Branches:
Dungeon (4/15) Zot: 1835
 Temple: D:4-7

Altars:


Innate Abilities, Weirdness & Mutations

You passively map a small area around you.
You are easily found by Zot.
You glow in the dark.
You regain HP and MP as you explore.


Message History

The endoplasm freezes you.
You are frozen.
You hit the endoplasm but do no damage. The endoplasm barely misses you.
You hit the endoplasm.
The endoplasm is heavily wounded.
You block the endoplasm's attack.
You hit the endoplasm.
You kill the endoplasm!
Found a robe.
Found 16 gold pieces.
An iguana comes into view.
The iguana hisses angrily.
Throw: 5 stones
Press: ? - help, Q - select action, (/) - cycle Shift-Dir - straight line, f - iguana
Aim: an iguana (64% to hit)
You throw a stone. The stone closely misses the iguana.
The iguana hisses menacingly.
Unknown command.
Throw: 11 darts (poison)
Press: ? - help, Shift-Dir - straight line, f/p - iguana
Aim: an iguana (64% to hit)
You throw a poisoned dart. The poisoned dart hits the iguana.
The iguana is poisoned.
Unknown command.
You barely miss the iguana. The iguana bites you!
You hit the iguana but do no damage. The iguana barely misses you.
The iguana bites you!
You barely miss the iguana.
The iguana is moderately wounded.
The iguana bites you.
* * * LOW HITPOINT WARNING * * *
You hit the iguana.
The iguana is moderately wounded.
The iguana hisses menacingly.
The iguana bites you!
* * * LOW HITPOINT WARNING * * *
You hit the iguana.
The iguana is severely wounded.
The iguana bites you!
You die...

* .. #. * * #.##. ~
, ....####,# *
#.$...#.#* * ,
#.....#. , , ,
#...... , ~ * *
#..(..# #...l@##*
#......# #..PP..# *
* * ####.[..##
........# ####### ,
*
..##..#.####....)#
, , .
#.......#.....# , ,
......#.#........#
,
,..###.#.##.#.....#


You could see an iguana (poisoned).

Vanquished Creatures
  A dart slug (D:2)
  A ball python (D:2)
  4 endoplasms
  2 giant cockroaches (D:2)
  2 goblins
  4 hobgoblins
  2 jackals (D:2)
  A quokka (D:2)
  4 bats
  A frilled lizard (D:1)
  5 kobolds
  4 rats
31 creatures vanquished.

Notes
Turn   | Place    | Note
-------+----------+-------------------------------------------
     0 | D:1      | tilp the Meteoran Fighter began the quest for the Orb.
     0 | D:1      | Reached XP level 1. HP: 19/19 MP: 2/2
    84 | D:1      | Reached XP level 2. HP: 26/26 MP: 3/3
   178 | D:1      | Reached skill level 1 in Dodging
   244 | D:2      | Reached XP level 3. HP: 31/31 MP: 4/4
   534 | D:4      | Mangled by an iguana

Illustrated notes

Levels and vault maps discovered:
D:1:      dpeg_arrival_oval, layout_basic, shapermc_ecumenical_altar_pompeii,
          minmay_distorted
D:2:      minmay_angry_zag, layout_basic
D:3:      layout_basic, zin_academy
D:4:      layout_loops_cross, grunt_temple_overflow_champion_of_chaos,
          yredelemnul_altar_generic, gup_sewer_entry_pipe, serial_park_tiny_1,
          st_stairs_13, minmay_misc_feat_five

Skill      XL: |  1  2 |
---------------+-------+-----
Long Blades    | 3 |  3.6
Dodging        | 1 |  1.4
Fighting       | |  3.6
Armour         | |  3.6
Shields        | |  3.6

Action                     || total
---------------------------++-------
  Melee: Long sword        ||   107
  Throw: Dart              ||     1
         Stone             ||     1
    Use: Scroll            ||     5
 Armour: Scale mail        ||    92
  Dodge: Dodged            ||    62
  Block: Buckler           ||    29

Table legend: (Time is in decaauts)
 A = Elapsed time spent in this place.
 B = Non-inter-level travel time spent in this place.
 C = Inter-level travel time spent in this place.
 D = Time resting spent in this place.
 E = Time spent auto-exploring this place.
 F = Levels seen in this place.
 G = Mean time per level.
                   A        B        C        D        E       F      G
               +--------+--------+--------+--------+--------+-----+--------+
         Total |    563 |    543 |     20 |      0 |      0 |   4 |  140.8 |
       Dungeon |    563 |    543 |     20 |      0 |      0 |   4 |  140.8 |
               +--------+--------+--------+--------+--------+-----+--------+

Top non-repeatable levels by time:
     D:2: 321 daAuts
     D:1: 170 daAuts
     D:3: 41 daAuts
     D:4: 30 daAuts
